 Dungeon Crawl Stone Soup version 0.27.0-1-g7a089689b8 (webtiles) character file.

Game seed: 13598377791800223272

147532 mhtbhm the Executioner (level 16, -3/241 HPs)
             Began as a Minotaur Berserker on Aug 1, 2021.
             Was the Champion of Trog.
             Slain by a swamp worm (17 damage)
             ... called by a spriggan druid
             ... on level 2 of the Swamp.
             The game lasted 00:41:25 (29527 turns).

mhtbhm the Executioner (Minotaur Berserker)        Turns: 29527, Time: 00:41:27

Health: -3/241     AC: 26    Str: 29    XL:     16   Next: 92%
Magic:  15/15      EV: 16    Int:  3    God:    Trog [******]
Gold:   2089       SH:  5    Dex: 12    Spells: 15/15 levels left

rFire    + . .     SeeInvis .   a - +2 executioner's axe (vorpal)
rCold    + + +     Faith    .   (shield currently unavailable)
rNeg     . . .     Spirit   .   b - +3 chain mail "Pimuil" {Drain Fly rElec rC+++}
rPois    +         Reflect  +   O - +1 hat of Indomitability {rF+ Will++ Str+2 Int+4}
rElec    +         Harm     .   E - +0 cloak
rCorr    .         Rampage  .   N - +4 pair of gloves of the Beginning {Will+}
Will     ++++.                  S - +0 pair of boots of Gopami {rC+ Int-5 Slay+3}
Stlth    ..........             h - amulet of reflection
HPRegen  0.50/turn              o - +4 ring of evasion
MPRegen  0.14/turn              W - ring of poison resistance

@: berserking, flying, studying Armour, very quick
A: horns 2, retaliatory headbutt
a: Renounce Religion, Berserk, Trog's Hand, Brothers in Arms


You were on level 2 of the Swamp.
You worshipped Trog.
Trog was exalted by your worship.
You visited 4 branches of the dungeon, and saw 25 of its levels.
You also visited: Sewer, Gauntlet and Ice Cave.

You collected 2740 gold pieces.
You spent 651 gold pieces at shops.

Inventory:

Hand Weapons
 a - a +2 vorpal executioner's axe (weapon)
 P - the +4 glaive of Dullness {holy, rN+ Stlth+}
   (You took it off a minotaur in a Gauntlet)

   It has been blessed by the Shining One to cause great damage to the undead
   and demons.
   rN:        It protects you from negative energy.
   Stlth:     It makes you more stealthy.
Missiles
 t - 2 silver javelins
 x - 7 curare-tipped darts (quivered)
Armour
 b - the +3 chain mail "Pimuil" (worn) {Drain Fly rElec rC+++}
   (You found it on level 13 of the Dungeon)

   rC:        It renders you almost immune to cold.
   rElec:     It insulates you from electricity.
   Fly:       It grants you flight.
   Drain:     It drains your maximum health when unequipped.
 f - +2 fire dragon scales
 E - a +0 cloak (worn)
 N - the +4 pair of gloves of the Beginning (worn) {Will+}
   (You found it on level 10 of the Dungeon)

   Will:      It increases your willpower.
 O - the +1 hat of Indomitability (worn) {rF+ Will++ Str+2 Int+4}
   (You found it in a Gauntlet)

   Str:       It affects your strength (+2).
   Int:       It affects your intelligence (+4).
   rF:        It protects you from fire.
   Will:      It greatly increases your willpower.
 Q - a +2 tower shield of positive energy
 S - the +0 pair of boots of Gopami (worn) {rC+ Int-5 Slay+3}
   (You bought it in a shop on level 2 of the Orcish Mines)

   Int:       It affects your intelligence (-5).
   Slay:      It affects your accuracy & damage with ranged weapons and melee
   (+3).
   rC:        It protects you from cold.
Jewellery
 h - an amulet of reflection (around neck)
 o - a +4 ring of evasion (left hand)
 y - a ring of protection from fire
 V - a ring of resist corrosion
 W - a ring of poison resistance (right hand)
 Y - a ring of positive energy
Wands
 i - a wand of charming (7)
 k - a wand of acid (15)
 n - a wand of iceblast (23)
 X - a wand of polymorph (19)
Scrolls
 c - 18 scrolls of teleportation
 d - 3 scrolls of summoning
 l - 3 scrolls of immolation
 p - 9 scrolls of fog
 r - 6 scrolls of enchant weapon
 s - a scroll of silence
 v - 8 scrolls of enchant armour
 w - 3 scrolls of holy word
 G - 4 scrolls of fear
 R - a scroll of blinking
 T - 10 scrolls of identify
Potions
 e - a potion of cancellation
 j - 3 potions of invisibility
 m - 5 potions of curing
 q - 9 potions of magic
 u - 5 potions of ambrosia
 z - 7 potions of might
 A - 4 potions of haste
 B - 7 potions of attraction
 D - 5 potions of mutation
 I - 3 potions of berserk rage
 J - 2 potions of heal wounds
 M - 6 potions of resistance
Miscellaneous
 F - a condenser vane
 H - a phantom mirror
 L - a tin of tremorstones (2/2)
 U - a phantom mirror


   Skills:
 + Level 19.5 Fighting
 + Level 23.7 Axes
 + Level 0.7 Throwing
 + Level 14.5 Armour
 + Level 7.4 Dodging
 + Level 2.8 Stealth
 + Level 9.2 Shields
 + Level 1.4 Evocations


You had 15 spell levels left.
You didn't know any spells.
Your spell library was empty.

Dungeon Overview and Level Annotations

Branches:
Dungeon (15/15)            Temple (0/1) D:4            Lair (6/6) D:11
  Swamp (2/4) Lair:3       Spider (0/4) Lair:3        Slime (0/5) Lair:5
    Orc (2/2) D:11            Elf (0/3) Orc:2        Vaults (0/5) D:14
  Sewer (visited)           IceCv (visited)         Gauntlet (visited)
 Depths: D:15

Altars:
Elyvilon
Fedhas
Hepliaklqana
Makhleb
Uskayaw
Yredelemnul

Shops:
D:3 ?   D:8 !   Orc:2 :[?[*


Innate Abilities, Weirdness & Mutations

You have a pair of horns on your head.
You reflexively headbutt those who attack you in melee.


Message History

The swamp worm seems to grow more fierce.
The swamp drake seems to grow more fierce.
You kill the spriggan druid!
Trog accepts your kill.
Trog appreciates your killing of a magic user.
You hear a splash. x2
The forest abruptly stops moving.
You barely miss the alligator. You hit the will-o-the-wisp.
The alligator bites you!!
* * * LOW HITPOINT WARNING * * *
The alligator tail-slaps you but does no damage.
You open the alligator like a pillowcase!!!
You kill the alligator!
Trog accepts your kill.
You completely miss the will-o-the-wisp.
A tyrant leech comes into view.
The spriggan rider is engulfed in noxious fumes.
The spriggan rider appears confused.
The will-o-the-wisp misses you. You furiously retaliate!
You headbutt the will-o-the-wisp! You closely miss the will-o-the-wisp.
Your headbutt misses the will-o-the-wisp.
The will-o-the-wisp is heavily damaged.
You carve the spriggan rider like a ham!!!
You kill the spriggan!
Trog accepts your kill.
The hornet is engulfed in noxious fumes.
The hornet appears confused.
You carve the hornet like a ham!!!
You kill the hornet!
Trog accepts your kill.
You closely miss the will-o-the-wisp. You slash the swamp worm!
The will-o-the-wisp gestures.
The will-o-the-wisp conjures some foxfire! 2 foxfires come into view.
You slash the swamp worm!
The swamp worm is severely wounded.
You slice the will-o-the-wisp!!
You destroy the will-o-the-wisp!
Trog accepts your kill. The swamp worm bites you!
You die...

♣♣.♣♣≈.♣♣♣♣≈≈≈≈.♣♣♣♣
♣.♣≈≈.♣♣ ♣.≈≈≈≈♣♣♣≈
♣≈≈§.≈≈♣ ♣..♣≈.♣♣..
♣♣.≈..♣♣ ♣♣..≈≈♣♣♣.
♣...♣♣♣ ♣.♣≈ ♣.
♣♣♣....♣.♣ ♣.
≈♣.♣♣♣....≈.≈..♣ ♣.
≈≈.≈.§.≈..♣≈♣.♣♣ ♣.
?♣≈..≈v@♣♣♣♣♣ ♣ ♣.
♣♣♣≈♣wv)♣ ♣.
♣..♣§..§ ♣≈≈...≈.≈≈♣
≈≈♣......≈k♣
♣≈♣♣♣.≈(....≈. ≈
.≈...≈≈.≈.
..♣..≈.$.≈.


You could see a swamp worm (strong) and a swamp drake (strong).

Vanquished Creatures
  A tentacled monstrosity (Swamp:1)
  The ghost of Zoigrime the Blocker, an adept FoFi of Jiyva (Swamp:1)
  The ghost of Zenkrye the Severer, an adept HOFi of Beogh (Swamp:2)
  Kirke (Lair:6)
  2 ghouls (Swamp:2)
  An ironbound preserver (D:14)
  A dire elephant (Lair:6)
  5 bunyips
  A minotaur (Gauntlet)
  Snorg (Lair:6)
  An eleionoma (Swamp:1)
  A shambling mangrove (Swamp:1)
  2 boulder beetles
  A spectral fenstrider witch (Swamp:1)
  A rakshasa (D:14)
  10 hydras
  A ghost crab (Swamp:1)
  3 catoblepae (D:14)
  6 centaur warriors
  5 ogre magi (Orc:2)
  20 two-headed ogres
  4 alligators
  A tengu warrior (D:15)
  Urug (Orc:1)
  A spriggan berserker (Swamp:2)
  An orc high priest (Orc:1)
  5 spectral spriggans (Swamp:1)
  A goliath frog (Swamp:2)
  2 swamp dragons
  A death drake (Swamp:2)
  5 spriggan druids
  3 bog bodies
  A necromancer (IceCv)
  A wizard (D:14)
  2 deep elf pyromancers
  2 fenstrider witch simulacra (Swamp:1)
  3 orc sorcerers (Orc:1)
  A wolf spider (Lair:6)
  4 ugly things
  An orc knight (D:15)
  3 cyclopes
  A manticore (D:10)
  2 will-o-the-wisps
  3 oklob plants
  3 ice statues
  A guardian serpent (Lair:6)
  9 black mambas
  15 elephants
  A guardian serpent (shapeshifter) (D:14)
  3 gargoyles
  18 cane toads
  A kobold demonologist (D:12)
  A yaktaur (D:14)
  4 rime drakes
  2 efreet (D:14)
  2 freezing wraiths (D:14)
  12 komodo dragons
  6 ice devils (IceCv)
  2 anaconda simulacra (IceCv)
  A spectral death drake (Swamp:1)
  2 tengu conjurers
  An entropy weaver simulacrum (IceCv)
  8 trolls
  12 polar bears
  A wolf spider simulacrum (D:14)
  6 hornets
  A tyrant leech (Swamp:1)
  2 raiju (Lair:6)
  16 blink frogs
  A dream sheep (Lair:6)
  12 flying skulls (Gauntlet)
  10 spriggans
  3 dire elephant simulacra (IceCv)
  18 wyverns
  4 centaur simulacra
  A redback (Lair:3)
  A vampire (D:12)
  8 basilisks
  52 yaks
  5 wraiths
  3 steam dragons
  16 vampire mosquitoes
  4 hogs (Lair:6)
  Menkaure (D:6)
  2 spriggan simulacra (Swamp:1)
  4 harpy simulacra (IceCv)
  6 wargs
  15 hell hounds (Lair:6)
  3 swamp worms
  3 acid dragons
  20 water moccasins
  2 swamp drakes
  Purgy (Sewer)
  20 orc warriors
  12 black bears
  A sky beast (D:7)
  2 meliai simulacra (Gauntlet)
  An ice beast (D:7)
  2 necrophages
  2 centaurs
  30 ogres
  45 wolves
  3 kobold brigands
  14 bullfrogs
  3 gnoll sergeants
  A two-headed ogre simulacrum (IceCv)
  4 scorpions
  5 jellies
  A cane toad simulacrum (IceCv)
  A hornet simulacrum (Gauntlet)
  5 killer bees (D:9)
  11 wights
  2 electric eels (Lair:2)
  9 howler monkeys
  8 crimson imps (D:7)
  2 centaur zombies
  A bullfrog zombie (D:5)
  8 hounds
  15 orc priests
  A gnoll shaman (D:8)
  Ijyb (D:3)
  8 iguanas
  23 orc wizards
  2 killer bee zombies
  A polar bear simulacrum (IceCv)
  3 howler monkey zombies
  7 gnolls
  A howler monkey skeleton (D:6)
  4 adders
  A naga simulacrum (IceCv)
  2 river rats (D:6)
  2 shadow imps
  16 white imps
  An ufetubus (D:7)
  An adder skeleton (D:4)
  2 worms
  54 orcs
  10 ball pythons
  11 endoplasms
  5 giant cockroaches
  10 goblins
  8 hobgoblins
  7 jackals
  18 kobolds
  5 quokkas
  6 bats
  6 frilled lizards
  10 rats
  5 bushes (D:12)
  3 plants
882 creatures vanquished.

Vanquished Creatures (collateral kills)
  3 two-headed ogres (Orc:2)
3 creatures vanquished.

Vanquished Creatures (others)
  A two-headed ogre (Orc:2)
  A komodo dragon (Lair:5)
  A spriggan (Swamp:2)
  A kobold (D:3)
  A demonic plant (Gauntlet)
  13 foxfires
  41 fungi
  101 plants
160 creatures vanquished.

Grand Total: 1045 creatures vanquished

Notes
Turn   | Place    | Note
-------+----------+-------------------------------------------
     0 | D:1      | mhtbhm the Minotaur Berserker began the quest for the Orb.
     0 | D:1      | Reached XP level 1. HP: 19/19 MP: 0/0
    92 | D:1      | Reached XP level 2. HP: 27/27 MP: 1/1
   112 | D:1      | Reached skill level 4 in Axes
   390 | D:1      | Reached ** piety under Trog
   486 | D:1      | Reached XP level 3. HP: 33/33 MP: 2/2
   503 | D:1      | Found a faded altar of an unknown god.
   932 | D:2      | You fall into a shaft and drop 2 floors!
   938 | D:4      | Found a staircase to the Ecumenical Temple.
   963 | D:4      | Reached skill level 5 in Axes
   963 | D:4      | Reached XP level 4. HP: 39/41 MP: 3/3
  1216 | D:3      | Noticed Ijyb
  1224 | D:3      | Killed Ijyb
  1224 | D:3      | Reached *** piety under Trog
  1225 | D:3      | Reached XP level 5. HP: 47/47 MP: 4/4
  1543 | D:3      | Found Keppest's Magic Scroll Boutique.
  1551 | D:3      | Bought a scroll of identify for 20 gold pieces
  1551 | D:3      | Bought a scroll of identify for 20 gold pieces
  1551 | D:3      | Bought a scroll of identify for 20 gold pieces
  2717 | D:4      | Reached skill level 5 in Fighting
  2717 | D:4      | Reached skill level 6 in Axes
  2720 | D:4      | Reached XP level 6. HP: 34/56 MP: 5/5
  3239 | D:4      | Identified the +5 trident of Qoihe {protect, rC+}
  3413 | D:5      | Entered Level 5 of the Dungeon
  3634 | D:5      | Found a white marble altar of Elyvilon.
  3945 | D:5      | Found a basalt altar of Yredelemnul.
  3975 | D:5      | Reached skill level 5 in Armour
  4006 | D:5      | Reached skill level 7 in Axes
  4006 | D:5      | Reached XP level 7. HP: 61/61 MP: 6/6
  4262 | D:5      | Reached skill level 8 in Axes
  4583 | D:6      | Reached **** piety under Trog
  4590 | D:6      | Noticed Menkaure
  4597 | D:6      | Killed Menkaure
  4598 | D:6      | Reached skill level 1 in Shields
  4598 | D:6      | Reached XP level 8. HP: 52/70 MP: 7/7
  4647 | D:6      | Found a glowing drain.
  4656 | Sewer    | Entered a sewer
  4778 | Sewer    | Noticed Purgy
  4782 | Sewer    | Killed Purgy
  4783 | Sewer    | Reached skill level 9 in Axes
  5505 | D:6      | Reached skill level 10 in Axes
  6170 | D:7      | Reached XP level 9. HP: 79/80 MP: 8/8
  6567 | D:7      | Reached skill level 11 in Axes
  6684 | D:7      | Reached ***** piety under Trog
  7402 | D:8      | Reached skill level 12 in Axes
  7622 | D:8      | Found Tacwiut's Distillery.
  8266 | D:9      | Noticed a two-headed ogre
  8270 | D:9      | Reached XP level 10. HP: 91/91 MP: 9/9
  8275 | D:9      | Killed a two-headed ogre
  8990 | D:9      | Noticed a two-headed ogre
  8998 | D:9      | Killed a two-headed ogre
  8999 | D:9      | Reached skill level 10 in Fighting
  8999 | D:9      | Reached skill level 13 in Axes
  9518 | D:10     | Entered Level 10 of the Dungeon
  9568 | D:10     | Reached skill level 14 in Axes
  9719 | D:10     | Noticed a manticore
  9730 | D:10     | Reached XP level 11. HP: 79/102 MP: 10/10
 10461 | D:10     | Identified the +4 pair of gloves of the Beginning {Will+}
 10539 | D:10     | Reached ****** piety under Trog
 10540 | D:10     | Reached skill level 1 in Stealth
 10939 | D:11     | Found a gate leading to a gauntlet.
 10946 | Gauntlet | Entered a Gauntlet
 10946 | Gauntlet | Found a transporter.
 10972 | Gauntlet | Found a transporter.
 10974 | Gauntlet | Found a transporter.
 10979 | Gauntlet | Found a runed translucent door.
 10979 | Gauntlet | Found a runed translucent door.
 10984 | Gauntlet | Found a transporter.
 10987 | Gauntlet | Found a transporter.
 11018 | Gauntlet | Found a transporter.
 11033 | Gauntlet | Found a transporter.
 11035 | Gauntlet | Found a transporter.
 11038 | Gauntlet | Noticed a catoblepas
 11039 | Gauntlet | Noticed a death yak
 11045 | Gauntlet | Found a transporter.
 11065 | Gauntlet | Noticed a death yak
 11065 | Gauntlet | Noticed a death yak
 11066 | Gauntlet | Noticed a death yak
 11067 | Gauntlet | Found a runed translucent door.
 11068 | Gauntlet | Found a transporter.
 11069 | Gauntlet | Found a runed translucent door.
 11069 | Gauntlet | Noticed a necromancer
 11081 | Gauntlet | Found a transporter.
 11088 | Gauntlet | Found a transporter.
 11089 | Gauntlet | Noticed a glowing orange brain
 11094 | Gauntlet | Noticed a green ugly thing
 11104 | Gauntlet | Noticed a red ugly thing
 11143 | Gauntlet | Found a transporter.
 11143 | Gauntlet | Found a transporter.
 11686 | Gauntlet | Reached skill level 10 in Armour
 11686 | Gauntlet | Reached skill level 5 in Shields
 11780 | Gauntlet | Reached skill level 15 in Axes
 11954 | Gauntlet | Received a gift from Trog
 11972 | Gauntlet | Identified the +1 hat of Indomitability {rF+ Will++ Str+2
                  | Int+4}
 12050 | Gauntlet | Identified the +4 glaive of Dullness {holy, rN+ Stlth+}
 12050 | Gauntlet | Noticed a minotaur
 12060 | Gauntlet | Killed a minotaur
 12127 | Gauntlet | Identified the +0 leather armour of the Lair of Beasts {rF+
                  | Stlth+}
 12190 | D:11     | Found a staircase to the Orcish Mines.
 12213 | D:11     | Noticed a brown ugly thing
 12220 | D:11     | Killed a brown ugly thing
 12309 | D:11     | Found a staircase to the Lair.
 12479 | D:11     | Reached XP level 12. HP: 103/113 MP: 3/11
 12479 | D:11     | Found a faded altar of an unknown god.
 12479 | D:11     | Found a hazy altar of Hepliaklqana.
 12635 | D:11     | Noticed a boulder beetle
 12651 | D:11     | Killed a boulder beetle
 12652 | D:11     | Reached skill level 16 in Axes
 13069 | Orc:1    | Entered Level 1 of the Orcish Mines
 13179 | Orc:1    | Noticed an orc high priest
 13194 | Orc:1    | Killed an orc high priest
 13626 | Orc:2    | Entered Level 2 of the Orcish Mines
 13626 | Orc:2    | Noticed an ogre mage
 13626 | Orc:2    | Noticed a two-headed ogre
 13626 | Orc:2    | Noticed a two-headed ogre
 13626 | Orc:2    | Noticed a two-headed ogre
 13626 | Orc:2    | Noticed a two-headed ogre
 13626 | Orc:2    | Noticed a two-headed ogre
 13626 | Orc:2    | Noticed a two-headed ogre
 13634 | Orc:1    | Killed a two-headed ogre
 13778 | Orc:1    | Killed a two-headed ogre
 13779 | Orc:1    | Killed a two-headed ogre
 13782 | Orc:1    | Killed a two-headed ogre
 13783 | Orc:1    | Reached skill level 17 in Axes
 13956 | Orc:2    | Killed a two-headed ogre
 13957 | Orc:2    | Killed a two-headed ogre
 13962 | Orc:2    | Killed an ogre mage
 14061 | Orc:2    | Noticed a two-headed ogre
 14069 | Orc:2    | Killed a two-headed ogre
 14270 | Orc:2    | Noticed a two-headed ogre
 14279 | Orc:2    | Killed a two-headed ogre
 14280 | Orc:2    | Reached skill level 5 in Dodging
 14361 | Orc:2    | Noticed a two-headed ogre
 14361 | Orc:2    | Noticed a two-headed ogre
 14361 | Orc:2    | Noticed an ogre mage
 14361 | Orc:2    | Noticed a two-headed ogre
 14361 | Orc:2    | Noticed an ogre mage
 14362 | Orc:2    | Found Kastrunn's Magic Scroll Shop.
 14362 | Orc:2    | Found Feajito Ziac's Book Emporium.
 14362 | Orc:2    | Noticed an ogre mage
 14362 | Orc:2    | Noticed a two-headed ogre
 14363 | Orc:2    | Noticed an ogre mage
 14364 | Orc:2    | Noticed a two-headed ogre
 14364 | Orc:2    | Found Xoqeash's Antique Armour Shoppe.
 14364 | Orc:2    | Found Atsoses's Armour Shop.
 14364 | Orc:2    | Noticed a two-headed ogre
 14364 | Orc:2    | Noticed a two-headed ogre
 14364 | Orc:2    | Noticed a two-headed ogre
 14368 | Orc:2    | Killed a two-headed ogre
 14368 | Orc:2    | Killed a two-headed ogre
 14368 | Orc:2    | Killed an ogre mage
 14369 | Orc:2    | Reached skill level 15 in Fighting
 14369 | Orc:2    | Reached XP level 13. HP: 126/126 MP: 4/12
 14370 | Orc:2    | Reached skill level 18 in Axes
 14394 | Orc:2    | Received a gift from Trog
 14395 | Orc:2    | Reached skill level 1 in Evocations
 14643 | Orc:2    | Found Fyigu's Assorted Antiques.
 14658 | Orc:2    | Bought a pair of warped boots for 275 gold pieces
 14658 | Orc:2    | Identified the +0 pair of boots of Gopami {rC+ Int-5
                  | Slay+3} (You bought it in a shop on level 2 of the Orcish
                  | Mines)
 14664 | Orc:2    | Bought a scroll of identify for 26 gold pieces
 14664 | Orc:2    | Bought a scroll of identify for 26 gold pieces
 14664 | Orc:2    | Bought a scroll of identify for 26 gold pieces
 14664 | Orc:2    | Bought a scroll of identify for 26 gold pieces
 14664 | Orc:2    | Bought a scroll of identify for 26 gold pieces
 14673 | Orc:2    | Bought a scroll of enchant weapon for 97 gold pieces
 14673 | Orc:2    | Bought a scroll of teleportation for 39 gold pieces
 14756 | Orc:2    | Bought a scroll of identify for 50 gold pieces
 15085 | Orc:2    | Found a staircase to the Elven Halls.
 15158 | Orc:1    | Noticed Urug
 15174 | Orc:1    | Killed Urug
 15621 | D:12     | Reached skill level 19 in Axes
 16043 | D:12     | You are sucked into a shaft and drop 3 floors!
 16043 | D:15     | Entered Level 15 of the Dungeon
 16578 | D:14     | Found a gate to the Vaults.
 16578 | D:14     | Noticed an ironbound preserver
 16586 | D:14     | Reached XP level 14. HP: 79/138 MP: 4/13
 16590 | D:14     | Killed an ironbound preserver
 16985 | D:14     | Received a gift from Trog
 17021 | D:14     | Reached skill level 20 in Axes
 17327 | D:14     | Identified the +3 chain mail "Pacokh" {Str+3 SInv}
 17511 | D:14     | Found a hide-covered altar of Uskayaw.
 18744 | D:13     | Identified the +2 helmet of Dul Jiul {*Corrode Str+3}
 18966 | D:13     | Found a burning altar of Makhleb.
 18971 | D:13     | Identified the +3 chain mail "Pimuil" {Drain Fly rElec
                  | rC+++}
 19532 | D:12     | Found a blossoming altar of Fedhas.
 20050 | Lair:1   | Entered Level 1 of the Lair of Beasts
 20269 | Lair:1   | Received a gift from Trog
 20648 | Lair:1   | Found a blossoming altar of Fedhas.
 21353 | Lair:2   | Found a frozen archway.
 21372 | IceCv    | Entered an ice cave
 21755 | IceCv    | Identified the +9 hand axe "Beast's Curse" {vorpal, Fly
                  | rElec Str-5 Dex+8} (Trog gifted it to you in an ice cave)
 21755 | IceCv    | Received a gift from Trog
 21973 | IceCv    | Reached XP level 15. HP: 144/148 MP: 14/14
 23074 | Lair:3   | Found a staircase to the Swamp.
 23158 | Lair:3   | Reached skill level 21 in Axes
 23415 | Lair:3   | Found a hole to the Spider Nest.
 24321 | Lair:4   | Received a gift from Trog
 24680 | Lair:5   | Found a staircase to the Slime Pits.
 25528 | Lair:6   | Entered Level 6 of the Lair of Beasts
 25953 | Lair:6   | Noticed Kirke
 25964 | Lair:6   | Reached skill level 22 in Axes
 25970 | Lair:6   | Killed Kirke
 26153 | Lair:6   | Noticed Snorg
 26160 | Lair:6   | Killed Snorg
 26284 | Lair:6   | Found a burning altar of Makhleb.
 26361 | Lair:6   | Received a gift from Trog
 26628 | Lair:6   | Reached XP level 16. HP: 152/159 MP: 15/15
 26821 | Lair:6   | Identified a scroll of acquirement
 26822 | Lair:6   | Acquired a manual of Armour
 26962 | Lair:6   | Received a gift from Trog
 27525 | Swamp:1  | Entered Level 1 of the Swamp
 27808 | Swamp:1  | Reached skill level 23 in Axes
 28121 | Swamp:1  | Noticed a tentacled monstrosity
 28129 | Swamp:1  | Killed a tentacled monstrosity
 28378 | Swamp:1  | Found a runed translucent gate.
 28378 | Swamp:1  | Found a runed translucent gate.
 28378 | Swamp:1  | Found a runed translucent gate.
 28424 | Swamp:1  | Noticed Zoigrime's ghost (adept FoFi)
 28541 | Swamp:1  | Killed Zoigrime's ghost
 28793 | Swamp:2  | Found a runed translucent door.
 28793 | Swamp:2  | Noticed Zenkrye's ghost (adept HOFi)
 28794 | Swamp:2  | Identified the +9 dagger of the Glowing Hawk {antimagic,
                  | Int+3}
 29105 | Swamp:2  | Killed Zenkrye's ghost
 29187 | Swamp:2  | Received a gift from Trog
 29527 | Swamp:2  | Slain by a swamp worm

Illustrated notes

Levels and vault maps discovered:
D:1:      doesnt_arrival_eight_statues, layout_rooms,
          hellmonk_ecumenical_altar_pennies_from_heaven, minmay_three_crescents
D:2:      layout_loops_ring, minmay_box_of_dots
D:3:      layout_basic, serial_shops, nicolae_shop_statue_plus, minivault_25,
          uniq_ijyb
D:4:      layout_basic, minmay_temple_entry_ruins
D:5:      layout_basic, kennysheep_ying_yang
D:6:      minmay_inner_zag, layout_layer_cave, portal_sewer_entry_e,
          minmay_misc_feat_chi, uniq_menkaure
D:7:      layout_loops_ring, minmay_nine_imps
D:8:      layout_loops_ring, serial_shops, nicolae_shop_waterfront,
          minmay_manual_mail
D:9:      layout_irregular_city
D:10:     layout_loops_ring
D:11:     layout_rooms, lair_entry_dummy, david_orc_2, gauntlet_entry_generic,
          beargit_hepliaklqana_dungeon_heroes
D:12:     layout_stronghold, tgw_fedhas
D:13:     layout_roguey, makhleb_altar_promises_db
D:14:     cheibrodos_fzero, layout_loops_ring, skrybe_vaults_entry_preservation,
          dancing_weapons_uskayaw
D:15:     grunt_enter_depths_magical_seal, layout_long_grid,
          minmay_misc_feat_roman
Lair:1:   beast_lair_carwin_large_3, layout_regular_city, hangedman_tree_tricks
Lair:2:   layout_loops_ring, portal_ice_cave_entry_imps, lemuel_fruit_fields,
          serial_bayou_shore_a, lemuel_fruit_tree
Lair:3:   layout_roguey, palyth_hydra_swamp_entry, spider_nest_entry_rubble,
          serial_bayou_shore_b
Lair:4:   layout_regular_city
Lair:5:   layout_gridlike, nicolae_slime_entry_slimehenge, serial_bayou_shore_b,
          grunt_megastairs_5
Lair:6:   hangedman_lair_tendril_chambers, layout_regular_city,
          hangedman_lair_caniforms_friends, basic_altar, uniq_snorg, uniq_kirke
Swamp:1:  layout_falls_marsh, gammafunk_ghost_necromancy,
          evilmike_swamp_ruin_house_3, swamp_pool2
Swamp:2:  layout_falls_marsh, ebering_ghost_inner_flame,
          nicolae_swamp_triple_paths, infiniplex_staircase_pool
Orc:1:    layout_caves, uniq_urug
Orc:2:    st_orc_ogre_mass, layout_caves, serial_shops, nicolae_shop_crystal

Skill      XL: |  1  2  3  4  5  6  7  8  9 10 11 12 13 14 15 16 |
---------------+-------------------------------------------------+-----
Fighting       | 4 5 6 7 9 11 12 15 16 17 18 19 | 19.5
Axes           | 4 5 6 7 8 10 12 14 15 17 19 20 22 23 | 23.7
Armour         | 3 4 5 6 7 9 10 11 12 13 14 | 14.5
Shields        | 1 2 3 4 5 6 7 8 9 |  9.2
Dodging        | 3 4 5 6 7 |  7.4
Stealth        | 1 2 |  2.8
Evocations     | 1 |  1.4
Throwing       | |  0.7

Action                   |  1- 3 |  4- 6 |  7- 9 | 10-12 | 13-15 | 16-18 || total
-------------------------+-------+-------+-------+-------+-------+-------++-------
Melee: Hand axe          |    81 |       |       |       |       |       ||    81
       Headbutt          |    10 |    23 |    46 |    85 |   228 |    48 ||   440
       War axe           |     7 |    84 |   184 |   212 |       |       ||   487
       Battleaxe         |       |       |    53 |   172 |   370 |       ||   595
       Executioner's axe |       |       |       |       |   439 |   244 ||   683
Throw: Dart              |       |       |       |     5 |       |       ||     5
Invok: Berserk           |     1 |     3 |     5 |    10 |     7 |     5 ||    31
Evoke: Wand              |       |       |       |     3 |     5 |       ||     8
       Condenser vane    |       |       |       |     1 |       |       ||     1
  Use: Scroll            |     5 |     6 |    10 |     5 |     5 |     3 ||    34
 Stab: Sleeping          |     1 |       |       |       |       |       ||     1
Armor: Animal skin       |     5 |       |       |       |       |       ||     5
       Leather armour    |    19 |     2 |       |       |       |       ||    21
       Chain mail        |       |    30 |    87 |    84 |   307 |   130 ||   638
       Ring mail         |       |       |       |    47 |    62 |       ||   109
Dodge: Dodged            |    58 |    30 |   133 |   228 |   492 |   161 ||  1102
Block: Other             |       |    14 |    56 |    74 |   169 |    56 ||   369
       Reflection        |       |       |     1 |     1 |     3 |       ||     5
